 Dungeon Crawl Stone Soup version 0.25.1-2-g60ff931df9 (webtiles) character file.

Game seed: 8548568368521400399

298 graki42 the Covered (level 6, 0/42 HPs)
             Began as a Halfling Fighter on Aug 3, 2020.
             Was an Initiate of Sif Muna.
             Slain by an ogre
             ... wielding a +0 giant club
              (12 damage)
             ... on level 4 of the Dungeon.
             The game lasted 00:11:11 (4635 turns).

graki42 the Covered (Halfling Fighter)              Turns: 4635, Time: 00:11:11

Health: 0/42       AC:  3    Str: 20    XL:     6   Next: 63%
Magic:  6/7        EV: 14    Int:  8    God:    Sif Muna [......]
Gold:   233        SH:  0    Dex: 14    Spells: 5/7 levels left

rFire    . . .     SeeInvis .   a - +0 long sword
rCold    . . .     Gourm    .   (shield restricted)
rNeg     . . .     Faith    .   q - +1 robe of Zin's Whim {Str+3} (curse)
rPois    .         Spirit   .   (no helmet)
rElec    .         Reflect  .   (no cloak)
rCorr    +         Harm     .   (no gloves)
MR       .....                  (no boots)
Stlth    +.........             (no amulet)
HPRegen  0.14/turn              o - ring of resist corrosion
MPRegen  0.10/turn              (no ring)

@: no status effects
A: small, mutation resistance 1
a: Renounce Religion


You were on level 4 of the Dungeon.
You worshipped Sif Muna.
Sif Muna was noncommittal.
You were near starving.

You visited 1 branch of the dungeon, and saw 4 of its levels.

You collected 233 gold pieces.

Inventory:

Hand Weapons
 a - a +0 long sword (weapon)
Missiles
 k - 2 curare-tipped darts (quivered)
Armour
 b - a +0 scale mail
 c - a +0 kite shield
 e - a +1 ring mail
 q - the cursed +1 robe of Zin's Whim (worn) {Str+3}
   (You found it on level 4 of the Dungeon)

   It affects your strength (+3).
   It has a curse placed upon it.
Jewellery
 o - a ring of resist corrosion (left hand)
 r - a cursed -4 ring of intelligence {unknown}
Scrolls
 d - a scroll of fear
 g - 3 scrolls of identify
 h - 2 scrolls of remove curse {unknown}
 n - a scroll of random uselessness {unknown}
 p - a scroll of amnesia {unknown}
Potions
 i - a potion of heal wounds
 j - 2 potions of degeneration {unknown}
 l - a potion of ambrosia
 m - a potion of stabbing {unknown}
 s - a potion of curing {unknown}
Comestibles
 f - 3 rations


   Skills:
 + Level 3.5 Fighting
 + Level 3.5 Long Blades
 + Level 4.1 Armour
 + Level 1.7 Dodging
 + Level 0.4 Stealth
 + Level 4.1 Shields
 * Level 1.2 Spellcasting
 + Level 0.8 Necromancy
 * Level 1.2 Invocations


You had 5 spell levels left.
You knew the following spells:

 Your Spells              Type           Power        Failure   Level  Hunger
a - Animate Skeleton      Necr           N/A          28%         1    ##.....
b - Pain                  Necr           #...         28%         1    ##.....

Your spell library contained the following spells:

 Spells                   Type           Power        Failure   Level  Hunger
 Vampiric Draining        Necr           #.........   63%         3    ####...
 Animate Dead             Necr           N/A          95%         4    #####..
 Agony                    Necr           #.......     100%        5    ######.


Dungeon Overview and Level Annotations

Branches:
Dungeon (4/15)
 Temple: D:4-7

Altars:
Okawaru
Sif Muna


Innate Abilities, Weirdness & Mutations

You are small and have problems with some larger weapons.
You are somewhat resistant to further mutation.


Message History

The ogre hits you with a +0 giant club!!
Ouch! That really hurt!
You closely miss the orc. The orc barely misses you.
The ogre barely misses you.
You completely miss the orc.
The orc hits you with a +1 mace of protection.
* * * LOW HITPOINT WARNING * * *
You hit the orc.
The orc is severely wounded.
The orc closely misses you. The ogre barely misses you.
The orc barely misses you.
You slash the orc!
You kill the orc!
Sif Muna accepts your kill. The ogre barely misses you.
You riposte.
You hit the ogre.
The ogre is lightly wounded.
Things that are here:
a +1 mace of protection; a +0 leather armour; an orc corpse The ogre hits you with a +0 giant club!
You die...

#. #.. #.. ##.# ..# ###
###########.# ##.#
#....@O...#.#######.#.
#.#######..........###
#.##.#####.....#######.#.
#........#O###.#### ##.#
####)###...# #....# #.#
#. #.#.###.##.# #.# #.
#.......##.# #.# #.
#..#######.# #.# #. #..#
#.# #.#


You could see an ogre.

Vanquished Creatures
  An ogre (D:4)
  A bullfrog (D:3)
  An iguana (D:4)
  An adder (D:4)
  3 gnolls (D:3)
  A shadow imp (D:3)
  2 oozes
  4 worms
  A dart slug (D:2)
  3 leopard geckos
  2 orcs (D:4)
  3 giant cockroaches
  5 goblins
  6 hobgoblins
  5 kobolds
  2 quokkas
  2 ball pythons
  6 bats
  4 frilled lizards
  8 rats
61 creatures vanquished.

Notes
Turn   | Place    | Note
-------+----------+-------------------------------------------
     0 | D:1      | graki42 the Halfling Fighter began the quest for the Orb.
     0 | D:1      | Reached XP level 1. HP: 15/15 MP: 1/1
   111 | D:1      | You fall into a shaft and drop 1 floor!
   149 | D:2      | Reached XP level 2. HP: 5/21 MP: 2/2
   480 | D:1      | Reached XP level 3. HP: 23/26 MP: 3/3
  2072 | D:3      | Reached XP level 4. HP: 31/31 MP: 4/4
  2123 | D:3      | Noticed a bullfrog
  2137 | D:3      | Killed a bullfrog
  2137 | D:3      | Reached skill level 1 in Dodging
  2137 | D:3      | Reached XP level 5. HP: 11/36 MP: 5/5
  2579 | D:3      | Found a shimmering blue altar of Sif Muna.
  2592 | D:3      | Became a worshipper of Sif Muna the Loreminder
  2595 | D:3      | Learned a level 1 spell: Animate Skeleton
  2607 | D:3      | Learned a level 1 spell: Pain
  2954 | D:3      | HP: 1/36 [worm (11)]
  3358 | D:3      | HP: 1/36 [gnoll (5)]
  3805 | D:3      | Found an iron altar of Okawaru.
  4230 | D:4      | Got a colourful robe
  4236 | D:4      | Identified the cursed +1 robe of Zin's Whim {Str+3} (You
                  | found it on level 4 of the Dungeon)
  4270 | D:4      | Reached skill level 1 in Spellcasting
  4270 | D:4      | Reached XP level 6. HP: 14/42 MP: 7/7
  4607 | D:4      | Noticed an ogre
  4612 | D:4      | Noticed an ogre
  4617 | D:4      | Killed an ogre
  4617 | D:4      | Reached skill level 1 in Invocations
  4635 | D:4      | Slain by an ogre

Illustrated notes

Levels and vault maps discovered:
D:1:      psy_arrival_conway, layout_basic, chequers_mini_garden
D:2:      layout_loops_ring, grunt_ministairs_1
D:3:      layout_basic, marbit_many_paths, lemuel_doored_altar, minivault_4
D:4:      layout_loops_ring, first_ration, ebering_ghost_disaster_area,
          uniq_sigmund, uniq_duvessa, uniq_grinder

Skill      XL: |  1  2  3  4  5  6 |
---------------+-------------------+-----
Fighting       | 3 |  3.5
Armour         | 4 |  4.1
Dodging        | 1 |  1.7
Shields        | 4 |  4.1
Long Blades    | 3 |  3.5
Spellcasting   | 1 |  1.2
Invocations    | 1 |  1.2
Stealth        | |  0.4
Necromancy     | |  0.8

Action                   |  1- 3 |  4- 6 || total
-------------------------+-------+-------++-------
Melee: Long sword        |   117 |    97 ||   214
 Cast: Pain              |       |    15 ||    15
  Use: Scroll            |     5 |       ||     5
       Potion            |     2 |       ||     2
 Stab: Sleeping          |       |     1 ||     1
  Eat: Chunk             |     3 |     5 ||     8
       Ration            |       |     1 ||     1
Armor: Scale mail        |    12 |     2 ||    14
       Ring mail         |    29 |    15 ||    44
       Robe              |       |     4 ||     4
Dodge: Dodged            |    38 |    88 ||   126
Block: Kite shield       |    74 |    33 ||   107
       Rpst.: Long sword |    16 |    25 ||    41
